 Dungeon Crawl Stone Soup version 0.18.1-8-gdd0e5ea (webtiles) character file.

140 nikopol the Chopper (level 5, -1/47 HPs)
             Began as a Hill Orc Berserker on May 29, 2016.
             Was a Believer of Trog.
             Slain by Grinder (7 damage)
             ... on level 3 of the Dungeon.
             The game lasted 00:05:34 (2227 turns).

nikopol the Chopper (Hill Orc Berserker)            Turns: 2227, Time: 00:05:35

Health: -1/47      AC:  8    Str: 20    XL:     5   Next: 22%
Magic:  5/5        EV: 11    Int:  7    God:    Trog [**....]
Gold:   85         SH:  0    Dex: 11    Spells: 0 memorised, 4 levels left

rFire  . . .     SeeInvis .     a - +0 hand axe
rCold  . . .     Gourm    .     f - +0 ring mail
rNeg   . . .     Faith    .     (no shield)
rPois  +         Spirit   .     i - +2 hat
rElec  .         Dismiss  .     (no cloak)
rCorr  .         Reflect  .     t - +0 pair of gloves
SustAt .         Harm     .     (no boots)
MR     .....                    (no amulet)
Stlth  +.........               p - ring of poison resistance
                                (no ring)

@: exhausted, slowed, very slow, not resistant to hostile enchantments, very
unstealthy
A: no striking features
a: Berserk, Trog's Hand, Burn Spellbooks, Renounce Religion


You were on level 3 of the Dungeon.
You worshipped Trog.
Trog was pleased with you.
You were very hungry.

You visited 1 branch of the dungeon, and saw 3 of its levels.

You collected 85 gold pieces.

Inventory:

Hand Weapons
 a - a +0 hand axe (weapon)
Armour
 f - a +0 ring mail (worn)
 i - a +2 hat (worn)
 t - a +0 pair of gloves (worn)
Jewellery
 k - an uncursed ring of stealth
 p - a ring of poison resistance (right hand)
Wands
 h - a wand of iceblast (8/15)
Scrolls
 b - a scroll of blinking {unknown}
 v - a scroll of magic mapping {unknown}
Potions
 d - a potion of haste
 j - a potion of lignification
 r - a potion of agility
Comestibles
 c - 2 bread rations
 g - 3 meat rations
 m - a royal jelly
 n - 3 chunks of flesh
 o - 3 fruits


   Skills:
 + Level 4.7 Fighting
 * Level 5.2 Axes
 + Level 3.5 Armour
 + Level 2.2 Dodging


You had 4 spell levels left.
You didn't know any spells.

Dungeon Overview and Level Annotations

Branches:
Dungeon (3/15)

Altars:

Annotations:
D:3 Grinder


Message History

Grinder is moderately wounded.
Grinder rolls his eyes.
Grinder gestures at you.
You suddenly lose the ability to move!
Grinder hits you.
You writhe in agony.
Grinder rolls his eyes.
Grinder hits you but does no damage. Grinder hits you.
You writhe in agony.
* * * LOW HITPOINT WARNING * * *
Grinder hits you.
* * * LOW HITPOINT WARNING * * *
You writhe in agony.
* * * LOW HITPOINT WARNING * * *
Grinder blinks!
You can move again.
There is a stone staircase leading down here.
You completely miss Grinder.
Grinder is moderately wounded.
Grinder hits you!
You die...

#.......#.#
#..#.#...#.#
...##..####.######
.##
##.รท.##......## #
###..........##
##..........#
#.....[....#
#..........#
#......5@..#
#.........[#
##..).....##
#...(....#
#..(.......#
#..........#
#..........#
...........#
.....).....<#


You could see Grinder.

Vanquished Creatures
  Ijyb (D:3)
  5 adders
  2 oozes (D:2)
  4 worms
  A dart slug (D:2)
  2 giant geckos
  An orc (D:3)
  4 giant cockroaches
  4 hobgoblins
  A quokka (D:2)
  A ball python (D:2)
  5 bats
  A giant newt (D:2)
  6 goblins
  5 kobolds
  10 rats
53 creatures vanquished.

Notes
Turn   | Place    | Note
--------------------------------------------------------------
     0 | D:1      | nikopol the Hill Orc Berserker began the quest for the Orb.
     0 | D:1      | Reached XP level 1. HP: 19/19 MP: 1/1
   210 | D:1      | Reached XP level 2. HP: 21/27 MP: 2/2
   926 | D:2      | Reached XP level 3. HP: 13/33 MP: 3/3
  1134 | D:2      | Reached ** piety under Trog
  1224 | D:2      | Reached XP level 4. HP: 40/41 MP: 4/4
  2054 | D:3      | Noticed Ijyb
  2063 | D:3      | Killed Ijyb
  2063 | D:3      | Reached skill level 5 in Axes
  2063 | D:3      | Reached XP level 5. HP: 47/47 MP: 5/5
  2195 | D:3      | Noticed Grinder
  2195 | D:3      | Paralysed by Grinder for 7 turns
  2220 | D:3      | Paralysed by Grinder for 6 turns
  2227 | D:3      | Slain by Grinder

Skill      XL: |  1  2  3  4 |
---------------+-------------+-----
Fighting       | 4 |  4.7
Armour         | 3 |  3.5
Dodging        | 2 |  2.2
Axes           | 5 |  5.2

Action                   |  1- 3 |  4- 6 || total
-------------------------+-------+-------++-------
Melee: Hand axe          |    89 |    95 ||   184
       War axe           |       |     7 ||     7
Throw: Tomahawk          |       |     4 ||     4
Invok: Berserk           |       |     2 ||     2
  Use: Scroll            |       |     5 ||     5
  Eat: Chunk             |     1 |     4 ||     5
Armor: Ring mail         |    29 |    39 ||    68
       Animal skin       |     1 |       ||     1
Dodge: Dodged            |    45 |    49 ||    94
